[Event "Titled Tuesday Blitz July 18 Late 2023"]
[White "Bortnyk, Olexandr"]
[Black "Karacsonyi, Gellert"]
[WhiteFideId "14120828"]
[BlackFideId "764620"]
[WhiteElo "3025"]
[BlackElo "2821"]
[Result "1-0"]
[Round "4"]
[TimeControl "180+2"]
[Date "2023.07.18"]
[WhiteClock "0:01:00"]
[BlackClock "0:00:03"]
[Board "6"]

1. e4 c5 2. c3 Nf6 3. e5 Nd5 4. d4 cxd4 5. Nf3 e6 6. cxd4 d6 7. Bc4 Nb6 8. Bb3 dxe5 9. Nxe5 Nc6 10. Nxc6 bxc6 11. O-O Ba6 12. Re1 Bb4 13. Nc3 O-O 14. Qg4 Nd5 15. Bd2 Nxc3 16. bxc3 Bd6 17. Bc2 f5 18. Qf3 Bc4 19. Qxc6 Bd5 20. Qa6 Rc8 21. Bb3 Rc6 22. Qxa7 Bxh2+ 23. Kxh2 Qh4+ 24. Kg1 Bxg2 25. Kxg2 Qg4+ 26. Kf1 f4 27. Qd7 Qh3+ 28. Ke2 Rfc8 29. Rg1 Qh5+ 30. Ke1 R8c7 31. Bxe6+ Kf8 32. Qd8+ Qe8 33. Qxe8+ Kxe8 34. d5 1-0


[Site "https://www.chess.com"]

[Event "Titled Tuesday Blitz July 18 Late 2023"]
[White "Bluebaum, Matthias"]
[Black "Skvortsov, Andrei"]
[WhiteFideId "24651516"]
[BlackFideId "24108600"]
[WhiteElo "3019"]
[BlackElo "2809"]
[Result "1-0"]
[Round "4"]
[TimeControl "180+2"]
[Date "2023.07.18"]
[WhiteClock "0:00:53"]
[BlackClock "0:00:34"]
[Board "7"]

1. d4 g6 2. c4 Bg7 3. e4 e6 4. Nc3 Ne7 5. Nf3 d5 6. e5 dxc4 7. Bxc4 Nd7 8. h4 c5 9. Ne4 O-O 10. dxc5 Nxe5 11. Nxe5 Qxd1+ 12. Kxd1 Bxe5 13. Kc2 Bd7 14. Bh6 Bc6 15. Rhe1 Rfd8 16. f4 Bd4 17. Bg5 Kf8 18. Bh6+ Kg8 19. Bg5 Kf8 20. Nf6 Bxc5 21. Bh6# 1-0


[Site "https://www.chess.com"]

[Event "Titled Tuesday Blitz July 18 Late 2023"]
[White "Tristan, Leonardo"]
[Black "Andreikin, Dmitry"]
[WhiteFideId "113816"]
[BlackFideId "4158814"]
[WhiteElo "2794"]
[BlackElo "2999"]
[Result "0-1"]
[Round "4"]
[TimeControl "180+2"]
[Date "2023.07.18"]
[WhiteClock "0:00:00"]
[BlackClock "0:01:18"]
[Board "8"]

1. d4 Nf6 2. Nf3 e6 3. Bf4 b6 4. e3 Bb7 5. Nbd2 Nh5 6. Bg5 Be7 7. Bxe7 Qxe7 8. Bd3 d6 9. Qe2 a6 10. g4 Nf6 11. g5 Nfd7 12. Rg1 c5 13. c3 Nc6 14. O-O-O b5 15. Kb1 c4 16. Bc2 Nb6 17. h4 d5 18. e4 b4 19. exd5 Nxd5 20. Qxc4 bxc3 21. Ba4 O-O 22. Bxc6 Bxc6 23. Ne4 Rfc8 24. Nc5 cxb2 25. Ne5 Bb5 26. Qb3 Rab8 27. Qg3 Rxc5 28. dxc5 Qxc5 29. Kxb2 Bd3+ 0-1


[Site "https://www.chess.com"]

[Event "Titled Tuesday Blitz July 18 Late 2023"]
[White "Svane, Frederik"]
[Black "Elsa167"]
[WhiteFideId "12923044"]
[WhiteElo "2974"]
[BlackElo "2793"]
[Result "1-0"]
[Round "4"]
[TimeControl "180+2"]
[Date "2023.07.18"]
[WhiteClock "0:00:29"]
[BlackClock "0:00:00"]
[Board "9"]

1. c4 e6 2. g3 d5 3. Bg2 Nf6 4. Nf3 Be7 5. O-O O-O 6. d4 Nbd7 7. Nc3 dxc4 8. e4 b5 9. e5 Nd5 10. Nxb5 Bb7 11. Qe2 N7b6 12. Rd1 a6 13. Nc3 Nxc3 14. bxc3 Bd5 15. h4 h6 16. a4 a5 17. Be3 Re8 18. Qc2 Rb8 19. Rdb1 Qd7 20. Rb5 Ra8 21. Ne1 Reb8 22. Rab1 Rc8 23. Qa2 Qc6 24. Bc1 Bxg2 25. Nxg2 Nd5 26. Bd2 Nb6 27. Ne3 h5 28. Bc1 Nd5 29. Nxd5 exd5 30. Ba3 Bxa3 31. Qxa3 Qe6 32. Qc5 c6 33. Rb7 Qf5 34. Qd6 Qe6 35. R1b6 Qxd6 36. exd6 Kf8 37. d7 Rd8 38. Rxc6 Ke7 39. Rc5 Rab8 40. Rxb8 Rxb8 41. Rxd5 Kd8 42. Rc5 Rb4 43. cxb4 1-0


[Site "https://www.chess.com"]

[Event "Titled Tuesday Blitz July 18 Late 2023"]
[White "Morefield, Jason"]
[Black "Pranav, V"]
[WhiteFideId "30920825"]
[BlackFideId "25060783"]
[WhiteElo "2768"]
[BlackElo "2974"]
[Result "0-1"]
[Round "4"]
[TimeControl "180+2"]
[Date "2023.07.18"]
[WhiteClock "0:00:03"]
[BlackClock "0:00:11"]
[Board "10"]

1. e4 c6 2. Nf3 d5 3. Nc3 Bg4 4. h3 Bxf3 5. Qxf3 e6 6. Be2 Nd7 7. d4 dxe4 8. Nxe4 Ngf6 9. O-O Be7 10. Rd1 O-O 11. Bf4 Nxe4 12. Qxe4 Nf6 13. Qf3 Nd5 14. Bd2 Bg5 15. Be1 Re8 16. Bf1 Qc7 17. g3 Rad8 18. h4 Bf6 19. a4 a5 20. Bc4 b6 21. c3 Ne7 22. Bd3 e5 23. dxe5 Bxe5 24. Bd2 g6 25. Bg5 Bg7 26. Bc4 Rxd1+ 27. Rxd1 Nf5 28. g4 Nh6 29. Kg2 Rf8 30. Re1 Kh8 31. Qg3 Qc8 32. f3 Ng8 33. Be3 Qb7 34. Qd6 Re8 35. Bf2 Rxe1 36. Bxe1 h6 37. Bf2 Nf6 38. Qd8+ Kh7 39. Qxb6 Qd7 40. Qxa5 Nxg4 41. Qa7 Qc8 42. Bc5 Ne5 43. Be2 Qe6 44. Bf2 Nd7 45. Bd3 Nf6 46. Qe3 Qd7 47. Be4 Nh5 48. Qe1 Be5 49. Bg1 Nf4+ 50. Kf2 Qh3 51. Ke3 Ng2+ 52. Ke2 Nxe1 53. Kxe1 Bh2 0-1


[Site "https://www.chess.com"]

[Event "Titled Tuesday Blitz July 18 Late 2023"]
[White "Priasmoro, Novendra"]
[Black "He, Anthony"]
[WhiteFideId "7105029"]
[BlackFideId "2088215"]
[WhiteElo "2767"]
[BlackElo "2969"]
[Result "0-1"]
[Round "4"]
[TimeControl "180+2"]
[Date "2023.07.18"]
[WhiteClock "0:00:44"]
[BlackClock "0:01:10"]
[Board "11"]

1. e4 c5 2. Nf3 e6 3. d4 cxd4 4. Nxd4 Nc6 5. Nc3 Qc7 6. g3 a6 7. Bg2 Nf6 8. O-O h5 9. Bg5 Bc5 10. Nxc6 dxc6 11. Na4 Ba7 12. c4 e5 13. c5 Be6 14. Qc2 Nd7 15. Rad1 O-O 16. Rd2 f6 17. Be3 Rfe8 18. Rfd1 Nf8 19. Bf1 Qf7 20. b3 Rac8 21. Nb6 Rc7 22. Nc4 Qg6 23. Nd6 Ree7 24. h4 Kh7 25. Be2 Rcd7 26. Rc1 Bb8 27. Qd1 Bg4 28. Bxg4 hxg4 29. Nf5 Rxd2 30. Qxd2 Rd7 31. Qe2 Ne6 32. Rd1 Rf7 33. b4 Bc7 34. a4 Qh5 35. Kg2 Nf4+ 36. gxf4 exf4 37. Bxf4 Bxf4 38. Rd8 g6 39. Nd6 Qxh4 40. Qd3 Re7 41. Nc8 Qh2+ 42. Kf1 Qh1+ 43. Ke2 Rxe4+ 0-1


[Site "https://www.chess.com"]

[Event "Titled Tuesday Blitz July 18 Late 2023"]
[White "Xiong, Jeffery"]
[Black "Taranenko, Evgueniy"]
[WhiteFideId "2047640"]
[BlackFideId "14122138"]
[WhiteElo "2969"]
[BlackElo "2748"]
[Result "1/2-1/2"]
[Round "4"]
[TimeControl "180+2"]
[Date "2023.07.18"]
[WhiteClock "0:00:13"]
[BlackClock "0:00:34"]
[Board "12"]

1. e4 e6 2. d4 d5 3. e5 c5 4. c3 Qb6 5. Nf3 Nc6 6. Be2 cxd4 7. cxd4 Nh6 8. Bxh6 Qxb2 9. Nbd2 gxh6 10. O-O Nxd4 11. Rb1 Nxe2+ 12. Qxe2 Qa3 13. Nd4 a6 14. Rfc1 Bd7 15. Nf1 Bc5 16. Qd2 Rc8 17. Ng3 Qa4 18. Nb3 Be7 19. Rxc8+ Bxc8 20. Nd4 Bg5 21. f4 Be7 22. Kh1 O-O 23. Nh5 Kh8 24. Nf6 Qc4 25. h3 b5 26. f5 Bxf6 27. exf6 e5 28. Rc1 exd4 29. Rxc4 bxc4 30. Qxd4 Bxf5 31. Qxd5 Be6 32. Qe5 Rd8 33. Kg1 h5 34. Kf2 h4 35. Qg5 Rg8 36. Qxh4 c3 37. Qa4 Rc8 38. Qc2 a5 39. Ke2 h6 40. Kd1 Rd8+ 41. Kc1 Rd2 42. Qxc3 Rxg2 43. a4 Rg1+ 44. Kd2 Rg2+ 45. Ke1 Rg1+ 46. Kf2 Rg5 47. h4 Rf5+ 48. Ke3 Kh7 49. Ke4 Kg6 50. Ke3 h5 51. Ke4 Bd5+ 52. Kd4 Be6 53. Ke4 Bd5+ 54. Kd4 Be6 55. Qg3+ Kxf6 56. Qg8 Rd5+ 57. Ke4 Rc5 58. Kd4 Rd5+ 59. Ke4 Rc5 60. Qd8+ Kg6 61. Qg8+ Kf6 1/2-1/2


[Site "https://www.chess.com"]

[Event "Titled Tuesday Blitz July 18 Late 2023"]
[White "Mikhailovsky, Vladimir"]
[Black "Hakobyan, Aram"]
[WhiteFideId "34105414"]
[BlackFideId "13306677"]
[WhiteElo "2738"]
[BlackElo "2966"]
[Result "0-1"]
[Round "4"]
[TimeControl "180+2"]
[Date "2023.07.18"]
[WhiteClock "0:00:01"]
[BlackClock "0:00:16"]
[Board "13"]

1. e4 c5 2. c3 e5 3. Nf3 Nc6 4. Bc4 Nf6 5. d3 Be7 6. O-O h6 7. Re1 O-O 8. d4 cxd4 9. cxd4 Bb4 10. Nc3 exd4 11. Nxd4 d6 12. Bf4 Ng4 13. Bg3 Nge5 14. Bf1 Re8 15. Rc1 Bg4 16. Qd2 Rc8 17. a3 Nxd4 18. Qxd4 Bc5 19. Qd2 Be6 20. Nd5 Bxd5 21. Qxd5 Qf6 22. b4 Bb6 23. Qxb7 Rxc1 24. Rxc1 h5 25. Rc2 Ng4 26. h3 h4 27. Qd7 hxg3 28. Qxe8+ Kh7 29. Qd7 gxf2+ 30. Kh1 Ne3 31. Rc1 Qf4 32. e5 Nf5 33. Bd3 Qxc1+ 34. Kh2 Qg1# 0-1


[Site "https://www.chess.com"]

[Event "Titled Tuesday Blitz July 18 Late 2023"]
[White "Papp, Levente"]
[Black "Van Foreest, Jorden"]
[WhiteFideId "751243"]
[BlackFideId "1039784"]
[WhiteElo "2718"]
[BlackElo "2952"]
[Result "0-1"]
[Round "4"]
[TimeControl "180+2"]
[Date "2023.07.18"]
[WhiteClock "0:00:00"]
[BlackClock "0:01:02"]
[Board "14"]

1. b3 b6 2. Nf3 Bb7 3. g3 e5 4. Bg2 e4 5. Ne5 Qf6 6. Bb2 d6 7. Nc4 Qg6 8. d3 Nd7 9. Nbd2 d5 10. Ne3 Ngf6 11. O-O h5 12. dxe4 dxe4 13. h4 O-O-O 14. Bd4 Ng4 15. Nxg4 hxg4 16. c3 Qe6 17. Qc2 f5 18. a4 a6 19. Be3 Be7 20. Nc4 g5 21. hxg5 Rh5 22. Rfd1 Bxg5 23. Bxg5 Rxg5 24. Qd2 Rh5 25. Qf4 Rdh8 26. Kf1 e3 27. Bxb7+ Kxb7 0-1


[Site "https://www.chess.com"]

[Event "Titled Tuesday Blitz July 18 Late 2023"]
[White "Matlakov, Maxim"]
[Black "Vetoshko, Volodymyr"]
[WhiteFideId "4168003"]
[BlackFideId "14122480"]
[WhiteElo "2951"]
[BlackElo "2700"]
[Result "1-0"]
[Round "4"]
[TimeControl "180+2"]
[Date "2023.07.18"]
[WhiteClock "0:00:36"]
[BlackClock "0:00:00"]
[Board "15"]

1. d4 d5 2. Nf3 e6 3. e3 Nf6 4. Bd3 b6 5. O-O Bb7 6. Nbd2 Nbd7 7. Qe2 c5 8. b3 Bd6 9. Bb2 O-O 10. c4 Qe7 11. Rad1 Rad8 12. Rfe1 Ne4 13. Bb1 f5 14. cxd5 exd5 15. dxc5 bxc5 16. Nf1 Ndf6 17. Ng3 Nxg3 18. hxg3 Ne4 19. Bd3 Ba8 20. Nh4 Bxg3 21. Bxe4 Bxh4 22. Bf3 Bf6 23. Bxf6 Rxf6 24. Rd2 Rfd6 25. Rc1 Rh6 26. g3 Rb6 27. Bg2 Bb7 28. Qd3 g6 29. Qc3 d4 30. Qxc5 Qxc5 31. Rxc5 Bxg2 32. Kxg2 d3 33. Rc7 a6 34. Kf3 Rbd6 35. Kf4 Rd5 36. Kg5 a5 37. Kh6 R8d7 38. Rxd7 Rxd7 39. Kg5 Kf7 40. Kf4 Kf6 41. e4 Rd4 42. f3 fxe4 43. fxe4 h5 44. Rf2 g5+ 45. Ke3+ Ke5 46. Rf5+ Ke6 47. Kxd4 1-0


[Site "https://www.chess.com"]

[Event "Titled Tuesday Blitz July 18 Late 2023"]
[White "Terry, Renato"]
[Black "Diano, Eden"]
[WhiteFideId "3803457"]
[BlackFideId "5203708"]
[WhiteElo "2946"]
[BlackElo "2573"]
[Result "1-0"]
[Round "4"]
[TimeControl "180+2"]
[Date "2023.07.18"]
[WhiteClock "0:00:47"]
[BlackClock "0:00:56"]
[Board "16"]

1. e4 c5 2. Nf3 a6 3. c3 d6 4. d4 Qc7 5. d5 e5 6. a4 h6 7. Na3 b6 8. Nc4 Bg4 9. Be2 Nd7 10. Ne3 Bxf3 11. Bxf3 g6 12. h4 h5 13. Nc4 Ngf6 14. g3 Rb8 15. Bg5 Bg7 16. O-O O-O 17. Bg2 Rfe8 18. f3 Nh7 19. Be3 Ra8 20. Qb3 Reb8 21. Bh3 Nhf8 22. f4 b5 23. axb5 axb5 24. Rxa8 Rxa8 25. Qxb5 Rb8 26. Qc6 Qb7 27. Qxb7 Rxb7 28. Rf2 exf4 29. gxf4 Nf6 30. Nxd6 Re7 31. Bxc5 Nxe4 32. Re2 f5 33. Nxe4 Rxe4 34. Rxe4 fxe4 35. Kf2 Bf6 36. Ke3 Bxh4 37. Kxe4 Nh7 38. b4 Be1 39. c4 Nf6+ 40. Kf3 Kg7 41. b5 Ba5 42. b6 Kf7 43. d6 Ke8 44. b7 1-0


[Site "https://www.chess.com"]

[Event "Titled Tuesday Blitz July 18 Late 2023"]
[White "Musovic, Armin"]
[Black "Anton Guijarro, David"]
[WhiteFideId "939935"]
[BlackFideId "2285525"]
[WhiteElo "2562"]
[BlackElo "2930"]
[Result "0-1"]
[Round "4"]
[TimeControl "180+2"]
[Date "2023.07.18"]
[WhiteClock "0:00:15"]
[BlackClock "0:00:24"]
[Board "17"]

1. a3 c6 2. Nc3 d5 3. e4 dxe4 4. Nxe4 Bf5 5. Ng3 Bg6 6. f4 e6 7. Nf3 Nd7 8. d4 Ngf6 9. Bd3 Bxd3 10. Qxd3 c5 11. Be3 Qc7 12. Ne5 Nd5 13. O-O-O Nxe5 14. fxe5 c4 15. Qe4 c3 16. Rd3 Rc8 17. bxc3 Nxc3 18. Rxc3 Qxc3 19. Kd1 Bxa3 20. Rf1 O-O 21. Nh5 Rfd8 22. Nxg7 Kxg7 23. Qg4+ Kh8 24. Rxf7 Qxc2+ 25. Ke1 Bb4+ 26. Kf1 Qb1+ 27. Kf2 Qe1+ 28. Kf3 Qd1+ 29. Kg3 Qxg4+ 30. Kxg4 Rg8+ 31. Kh5 Rg7 32. Rf6 Re8 33. g4 a5 34. Bh6 Rd7 35. g5 a4 36. g6 hxg6+ 37. Kxg6 a3 38. Rf3 Rg8+ 39. Kf6 Rh7 40. Bc1 Rf8+ 41. Kxe6 Rxf3 0-1


[Site "https://www.chess.com"]

[Event "Titled Tuesday Blitz July 18 Late 2023"]
[White "Zhigalko, Sergei"]
[Black "Manon-og, Ramon Jr."]
[WhiteFideId "13502956"]
[BlackFideId "5200776"]
[WhiteElo "2895"]
[BlackElo "2328"]
[Result "1-0"]
[Round "4"]
[TimeControl "180+2"]
[Date "2023.07.18"]
[WhiteClock "0:02:44"]
[BlackClock "0:00:45"]
[Board "18"]

1. e4 c5 2. Nf3 d6 3. d4 cxd4 4. Qxd4 Nc6 5. Bb5 Bd7 6. Bxc6 Bxc6 7. Nc3 e5 8. Qd3 h6 9. Nd2 Nf6 10. Nc4 Be7 11. Ne3 O-O 12. Nf5 Qd7 13. Bxh6 gxh6 14. Qg3+ 1-0


[Site "https://www.chess.com"]

[Event "Titled Tuesday Blitz July 18 Late 2023"]
[White "Naroditsky, Daniel"]
[Black "Wu, Sibo"]
[WhiteFideId "2026961"]
[BlackFideId "8606048"]
[WhiteElo "3134"]
[BlackElo "2436"]
[Result "1-0"]
[Round "4"]
[TimeControl "180+2"]
[Date "2023.07.18"]
[WhiteClock "0:01:23"]
[BlackClock "0:00:08"]
[Board "19"]

1. e4 c5 2. c3 d5 3. exd5 Qxd5 4. d4 Nf6 5. Nf3 e6 6. Na3 Nc6 7. Be3 cxd4 8. Nb5 Qd8 9. Nbxd4 Bd7 10. Nxc6 Bxc6 11. Ne5 Be7 12. Nxc6 bxc6 13. Qa4 Qc7 14. Be2 Nd5 15. Bd2 O-O 16. O-O Rab8 17. Qc2 Rfd8 18. Rad1 Bd6 19. g3 Bc5 20. a3 a5 21. b4 Bb6 22. c4 Nf6 23. Bf3 Bd4 24. Kg2 e5 25. bxa5 Rb2 26. Qf5 e4 27. Bxe4 g6 28. Qf3 c5 29. Bg5 Nxe4 30. Bxd8 1-0


[Site "https://www.chess.com"]

[Event "Titled Tuesday Blitz July 18 Late 2023"]
[White "Amburgy, Ryan"]
[Black "Bortnyk, Mykola"]
[WhiteFideId "30924820"]
[BlackFideId "14120836"]
[WhiteElo "2670"]
[BlackElo "3036"]
[Result "0-1"]
[Round "4"]
[TimeControl "180+2"]
[Date "2023.07.18"]
[WhiteClock "0:00:05"]
[BlackClock "0:00:15"]
[Board "20"]

1. Nf3 c5 2. c4 g6 3. Nc3 Bg7 4. g3 Nf6 5. Bg2 d5 6. cxd5 Nxd5 7. O-O O-O 8. e4 Nb6 9. d3 Nc6 10. Be3 c4 11. d4 Bg4 12. d5 Ne5 13. Bf4 Nd3 14. Qd2 e6 15. h3 Bxf3 16. Bxf3 exd5 17. exd5 Bxc3 18. Qxc3 Nxf4 19. gxf4 Nxd5 20. Qxc4 Nb6 21. Qb4 Qh4 22. Bg2 Rac8 23. Rac1 Qf6 24. Bxb7 Rb8 25. Bg2 Nd5 26. Qa3 Nxf4 27. Rc2 Rb5 28. Kh1 Rg5 29. Rg1 Rd8 30. Qf3 Rd4 31. Rc6 Qe5 32. Qe3 Rd3 33. Qxe5 Rxe5 34. Rc3 Rd2 35. Rf3 Nxg2 36. Rxg2 Rxb2 37. Ra3 a5 38. f4 Rb1+ 39. Kh2 Rf5 40. Rf2 Rb4 41. Kg3 Kg7 42. Rb3 Ra4 43. Rbf3 h6 44. h4 Rd4 45. Rc2 a4 46. Re2 h5 47. Re8 Rd1 48. Ra8 Rg1+ 49. Kh2 Rg4 50. Rxa4 Rxh4+ 51. Kg3 Rg4+ 52. Kf2 g5 53. Rc4 h4 54. a4 h3 55. Rxh3 Rfxf4+ 56. Rxf4 Rxf4+ 57. Kg2 Rxa4 58. Rb3 Kg6 59. Kg3 f6 60. Rb5 Ra3+ 61. Kg2 f5 62. Rb8 Kh5 63. Rb5 Kg4 64. Rb2 f4 65. Rc2 Kh4 66. Rb2 g4 67. Rc2 f3+ 68. Kg1 g3 69. Rc1 Kh3 70. Rb1 Ra2 71. Kh1 Rh2+ 0-1


[Site "https://www.chess.com"]

[Event "Titled Tuesday Blitz July 18 Late 2023"]
[White "Bjelobrk, Igor"]
[Black "Paravyan, David"]
[WhiteFideId "4300726"]
[BlackFideId "4194985"]
[WhiteElo "2664"]
[BlackElo "3020"]
[Result "0-1"]
[Round "4"]
[TimeControl "180+2"]
[Date "2023.07.18"]
[WhiteClock "0:00:06"]
[BlackClock "0:01:24"]
[Board "21"]

1. d4 Nf6 2. c4 g6 3. Nc3 d5 4. Nf3 Bg7 5. h4 dxc4 6. e4 c5 7. d5 b5 8. h5 O-O 9. hxg6 fxg6 10. d6 e6 11. Nxb5 Qa5+ 12. Nc3 Nxe4 13. Bd2 Nxd2 14. Qxd2 Nc6 15. Bxc4 Rb8 16. Rc1 Rxf3 17. gxf3 Nd4 18. Be2 Ba6 19. Bd1 Qd8 20. Ne4 Rxb2 21. Qxb2 Nxf3+ 22. Bxf3 Bxb2 23. Rxc5 Ba3 24. Rc7 Bxd6 25. Rd7 Bb4+ 26. Rd2 Qd3 0-1


[Site "https://www.chess.com"]

[Event "Titled Tuesday Blitz July 18 Late 2023"]
[White "Duda, Jan-Krzysztof"]
[Black "Schnaider, Ilan"]
[WhiteFideId "1170546"]
[BlackFideId "169013"]
[WhiteElo "3007"]
[BlackElo "2659"]
[Result "1-0"]
[Round "4"]
[TimeControl "180+2"]
[Date "2023.07.18"]
[WhiteClock "0:00:35"]
[BlackClock "0:00:03"]
[Board "22"]

1. e4 c5 2. Nc3 d6 3. f3 Nf6 4. d4 cxd4 5. Qxd4 e5 6. Bb5+ Bd7 7. Qd3 a6 8. Bxd7+ Nbxd7 9. Be3 b5 10. O-O-O Be7 11. Nge2 Qa5 12. b3 h5 13. Kb1 Rc8 14. g3 Nc5 15. Qd2 Ne6 16. h3 b4 17. Na4 Nc5 18. Nb2 Qb5 19. Bxc5 Rxc5 20. Nd3 Rc8 21. Nxb4 a5 22. Nd3 d5 23. Nc3 Qc6 24. Nxd5 Nxd5 25. exd5 Qxd5 26. Nxe5 Qc5 27. Qd7+ Kf8 28. Qf5 Kg8 29. Qxf7+ Kh7 30. Qxh5+ Kg8 31. Qf7+ Kh7 32. Qf5+ Kg8 33. Rd5 Qc3 34. Qe6+ Kh7 35. Nc4 g6 36. Qxe7+ Kh6 37. Qg5+ Kg7 38. Rd7+ Kf8 39. Qe7+ Kg8 40. Qf7# 1-0


[Site "https://www.chess.com"]

[Event "Titled Tuesday Blitz July 18 Late 2023"]
[White "Leon Oquendo, Jorge"]
[Black "Kamsky, Gata"]
[WhiteFideId "3514803"]
[BlackFideId "2000024"]
[WhiteElo "2618"]
[BlackElo "2989"]
[Result "1-0"]
[Round "4"]
[TimeControl "180+2"]
[Date "2023.07.18"]
[WhiteClock "0:00:07"]
[BlackClock "0:00:00"]
[Board "23"]

1. d4 f5 2. c4 Nf6 3. Nc3 e6 4. g3 Bb4 5. Qc2 a5 6. Bg2 O-O 7. Nf3 Ne4 8. Bd2 Nxd2 9. Qxd2 b6 10. O-O Bb7 11. a3 Be7 12. d5 Na6 13. Rad1 Qe8 14. Rfe1 Nc5 15. e4 Qh5 16. e5 f4 17. Qe2 a4 18. Nb5 Rac8 19. Nfd4 Qxe2 20. Rxe2 exd5 21. Bxd5+ Bxd5 22. cxd5 fxg3 23. hxg3 Rfe8 24. f4 Bf8 25. Kg2 Red8 26. Nc3 c6 27. d6 g6 28. Ne4 Nxe4 29. Rxe4 Bg7 30. Nf3 b5 31. g4 Rf8 32. Kg3 c5 33. Rd5 Rc6 34. Re2 b4 35. Rc2 bxa3 36. bxa3 c4 37. Rc3 Rb8 38. Rd4 Rbc8 39. Nd2 g5 40. Rdxc4 gxf4+ 41. Kxf4 Rf8+ 42. Ke4 Ra6 43. Rc8 Ra5 44. Nf3 h6 45. Rxf8+ Kxf8 46. Rc8+ Kf7 47. g5 hxg5 48. Nxg5+ Kg6 49. Nf3 Kf7 50. Rd8 Ra7 51. Nd4 Bh6 52. Rc8 Ra5 53. Rc7 Ke8 54. Rc8+ Kf7 55. Rc7 Ke8 56. e6 dxe6 57. Nxe6 1-0


[Site "https://www.chess.com"]

[Event "Titled Tuesday Blitz July 18 Late 2023"]
[White "Medarde Santiago, Luis Marcos"]
[Black "Kramnik, Vladimir"]
[WhiteFideId "2263076"]
[BlackFideId "4101588"]
[WhiteElo "2613"]
[BlackElo "2978"]
[Result "0-1"]
[Round "4"]
[TimeControl "180+2"]
[Date "2023.07.18"]
[WhiteClock "0:01:00"]
[BlackClock "0:00:20"]
[Board "24"]

1. e4 c5 2. Nf3 e6 3. d4 cxd4 4. Nxd4 Nf6 5. Nc3 Nc6 6. Nxc6 bxc6 7. e5 Nd5 8. Ne4 Qc7 9. f4 a5 10. c4 Bb4+ 11. Ke2 O-O 12. a3 Be7 13. cxd5 cxd5 14. Nd6 f6 15. Nxc8 Raxc8 16. exf6 Bxf6 17. Rb1 Qb7 18. Ke1 e5 19. Bd3 e4 20. Bc2 d4 21. Rf1 d3 22. Bb3+ Kh8 23. Kf2 Bd4+ 24. Kg3 Qa6 25. h3 e3 26. Qf3 d2 27. Rh1 Qg6+ 28. Kh2 Qxb1 29. Bxd2 Qd3 30. Bc3 Bxc3 31. bxc3 Qxc3 32. Bd5 Qf6 33. Qxe3 Qxf4+ 34. Qxf4 Rxf4 35. Re1 Rd4 36. Re5 h6 37. Bf3 a4 38. Bg4 Rf8 39. Re7 Rd8 40. Kg3 Rd3+ 41. Kh4 Rxa3 42. Kh5 Rg3 43. Kg6 a3 44. Re2 Ra8 45. Ra2 Ra6+ 46. Kh5 Kh7 47. Bf3 Ra4 48. Bd1 g6# 0-1


[Site "https://www.chess.com"]

[Event "Titled Tuesday Blitz July 18 Late 2023"]
[White "Durarbayli, Vasif"]
[Black "Tarhan, Adar"]
[WhiteFideId "13402935"]
[BlackFideId "34544712"]
[WhiteElo "2921"]
[BlackElo "2604"]
[Result "1-0"]
[Round "4"]
[TimeControl "180+2"]
[Date "2023.07.18"]
[WhiteClock "0:01:26"]
[BlackClock "0:00:57"]
[Board "25"]

1. e4 c5 2. Nf3 Nc6 3. d4 cxd4 4. Nxd4 Nf6 5. Nc3 e5 6. Ndb5 d6 7. Bg5 a6 8. Na3 b5 9. Nd5 Be7 10. Bxf6 Bxf6 11. c4 b4 12. Nc2 a5 13. Qf3 Bg5 14. Rd1 Be6 15. h4 Bh6 16. g4 Bf4 17. Nxf4 exf4 18. Qxf4 Ne5 19. Ne3 Rc8 20. b3 a4 21. Qg3 axb3 22. axb3 Qa5 23. f4 Nc6 24. f5 Bd7 25. Qxd6 Rd8 26. Nd5 f6 27. c5 Kf7 28. g5 Rhe8 29. Nxf6 Ne5 30. Qd5+ Be6 31. fxe6+ Kf8 32. Nd7+ 1-0


[Site "https://www.chess.com"]

[Event "Titled Tuesday Blitz July 18 Late 2023"]
[White "Trifan, Andrei Ioan"]
[Black "Bartel, Mateusz"]
[WhiteFideId "12967068"]
[BlackFideId "1112635"]
[WhiteElo "2560"]
[BlackElo "2843"]
[Result "0-1"]
[Round "4"]
[TimeControl "180+2"]
[Date "2023.07.18"]
[WhiteClock "0:00:23"]
[BlackClock "0:00:10"]
[Board "26"]

1. e4 g6 2. d4 Bg7 3. Nc3 a6 4. f4 b5 5. Nf3 Bb7 6. Bd3 d6 7. e5 e6 8. Ne4 Ne7 9. O-O O-O 10. Qe2 Bxe4 11. Bxe4 d5 12. Bd3 Nd7 13. Be3 c6 14. Kh1 Kh8 15. g4 c5 16. c3 cxd4 17. cxd4 Rc8 18. h4 f5 19. g5 Nb6 20. Qh2 Nc4 21. Rae1 Nxe3 22. Rxe3 Kg8 23. h5 Re8 24. Re2 Kf7 25. Nh4 Qa5 26. a3 Qa4 27. Rd2 b4 28. axb4 Qxb4 29. Bxa6 Rc6 30. Bd3 Rb8 31. Nf3 Qb3 32. Rff2 Rc1+ 33. Rf1 Rxf1+ 34. Bxf1 Qxf3+ 35. Bg2 Qe3 0-1


[Site "https://www.chess.com"]

[Event "Titled Tuesday Blitz July 18 Late 2023"]
[White "Besedes, Danilo"]
[Black "Perez Ponsa, Federico"]
[WhiteFideId "946796"]
[BlackFideId "117927"]
[WhiteElo "2535"]
[BlackElo "2824"]
[Result "0-1"]
[Round "4"]
[TimeControl "180+2"]
[Date "2023.07.18"]
[WhiteClock "0:00:09"]
[BlackClock "0:01:05"]
[Board "27"]

1. b3 e5 2. Bb2 Nc6 3. e3 Nf6 4. Bb5 Bd6 5. Ne2 O-O 6. Nbc3 Re8 7. Ng3 Bf8 8. O-O a6 9. Bxc6 bxc6 10. Nce2 d5 11. f4 e4 12. f5 Bd6 13. Nf4 Be5 14. Qc1 d4 15. exd4 Bxd4+ 16. Kh1 c5 17. Bxd4 cxd4 18. Qe1 Bb7 19. Nfh5 Nxh5 20. Nxh5 Qg5 21. Ng3 e3 22. f6 g6 23. dxe3 dxe3 24. Qe2 h5 25. Rf3 Rad8 26. Re1 Bxf3 27. Qxf3 Rd4 28. h3 h4 29. Ne2 Rd6 30. Rf1 Ree6 31. Qa8+ Kh7 32. Rf4 Rxf6 33. Rg4 Rf1+ 34. Kh2 Qe5+ 35. g3 Rf2+ 0-1


[Site "https://www.chess.com"]

[Event "Titled Tuesday Blitz July 18 Late 2023"]
[White "Llorente Zaro, Alfonso"]
[Black "Bagrationi, Alexander"]
[WhiteFideId "2254131"]
[BlackFideId "14104954"]
[WhiteElo "2743"]
[BlackElo "2545"]
[Result "1-0"]
[Round "4"]
[TimeControl "180+2"]
[Date "2023.07.18"]
[WhiteClock "0:00:03"]
[BlackClock "0:00:04"]
[Board "28"]

1. e4 c5 2. Nf3 Nc6 3. Bb5 Nf6 4. Bxc6 dxc6 5. d3 g6 6. h3 Bg7 7. Nc3 O-O 8. Bf4 Ne8 9. Qd2 Nc7 10. Bh6 Ne6 11. h4 Nd4 12. Nxd4 cxd4 13. Ne2 Bxh6 14. Qxh6 Qa5+ 15. Kd1 Rd8 16. a3 Qe5 17. Qg5 f6 18. Qxe5 fxe5 19. Kd2 h5 20. c4 dxc3+ 21. Kxc3 Be6 22. Ng3 Rd7 23. Rhd1 Rf8 24. f3 Rf4 25. Rh1 c5 26. Rad1 b6 27. Nf1 c4 28. Ne3 cxd3 29. Rxd3 Rxd3+ 30. Kxd3 Kg7 31. Ke2 Rf8 32. Rc1 Rc8 33. Rxc8 Bxc8 34. Kd2 Kf6 35. Nd5+ Ke6 36. Ke3 Kd6 37. b4 Be6 38. Nc3 Bc4 39. g3 Ke6 40. Nb1 Kd6 41. Nd2 Be6 42. Kd3 Kc6 43. Kc3 Kb5 44. Nf1 Ka4 45. Kb2 Bc4 46. Ne3 Be6 47. Nd5 Bxd5 48. exd5 a5 49. bxa5 bxa5 50. Ka2 Kb5 51. Kb3 a4+ 52. Kc3 Kc5 53. g4 Kxd5 54. Kd3 e4+ 55. fxe4+ Ke5 56. gxh5 gxh5 57. Ke3 e6 58. Kf3 Kd4 59. Kf4 Kc4 60. Ke5 Kb3 61. Kxe6 Kxa3 62. Kf7 Kb4 63. e5 a3 64. e6 a2 65. e7 a1=Q 66. e8=Q Qf1+ 67. Kg6 Qf3 68. Qe7+ Kb5 69. Qg5+ Kc6 70. Qxh5 Qg3+ 71. Qg5 Qd3+ 72. Qf5 Qg3+ 73. Qg5 Qd3+ 74. Kg7 Kd7 75. h5 Qd4+ 76. Qf6 Qg4+ 77. Qg6 Qd4+ 78. Kg8 Qg4 79. Qxg4+ Ke7 80. h6 1-0


[Site "https://www.chess.com"]